 Dungeon Crawl Stone Soup version 0.29.1-12-g30fa7ad0bf (webtiles) character file.

Game seed: 13691001014363818704

87 funkygono the Firebug (level 4, -1/30 HPs)
             Began as a Demonspawn Fire Elementalist on Jan 2, 2023.
             Slain by an ogre
             ... wielding a +0 giant spiked club
              (31 damage)
             ... on level 5 of the Dungeon.
             The game lasted 00:02:44 (2028 turns).

funkygono the Firebug (DsFE)                        Turns: 2028, Time: 00:02:45

Health: -1/30      AC:  4    Str:  8    XL:     4   Next: 28%
Magic:  0/8        EV: 12    Int: 19    God:
Gold:   92         SH:  0    Dex: 13    Spells: 3/9 levels left

rFire   . . .      SeeInvis .   c - +0 dagger
rCold   . . .      Faith    .   (no shield)
rNeg    . . .      Spirit   .   a - +0 robe
rPois   .          Reflect  .   d - +0 helmet
rElec   .          Harm     .   (no cloak)
rCorr   .          Rampage  .   (no gloves)
Will    .....                   j - +0 pair of boots
Stlth   ++........              (no amulet)
HPRegen 0.10/turn               (no ring)
MPRegen 0.11/turn               (no ring)

@: very slightly contaminated
A: powered by death 1, demonic touch 1
a: no special abilities


You were on level 5 of the Dungeon.
You visited 1 branch of the dungeon, and saw 4 of its levels.

You collected 92 gold pieces.

Inventory:

Hand Weapons
 c - a +0 dagger (weapon)
Armour
 a - a +0 robe (worn)
 d - a +0 helmet (worn)
 j - a +0 pair of boots (worn)
Scrolls
 e - a scroll of magic mapping {unknown}
 f - a scroll of noise {unknown}
 k - 2 scrolls of teleportation
 m - a scroll of summoning {unknown}
 o - a scroll of blinking {unknown}
Potions
 b - 2 potions of magic
 g - a potion of mutation {unknown}
 h - a potion of cancellation {unknown}
 i - a potion of curing {unknown}
 l - a potion of lignification {unknown}
 n - a potion of might {unknown}
 p - a potion of brilliance {unknown}


   Skills:
 + Level 2.0 Dodging
 - Level 1.7 Stealth
 + Level 3.1 Spellcasting
 + Level 1.4 Conjurations
 + Level 3.6 Fire Magic


You had 3 spell levels left.
You knew the following spells:

 Your Spells              Type           Power      Damage    Failure   Level
a - Foxfire               Conj/Fire      48%        2x1d6     5%          1
b - Scorch                Fire           32%        2d7       4%          2
c - Conjure Flame         Conj/Fire      12%        6-21      16%         3

Your spell library contained the following spells:

 Spells                   Type           Power      Damage    Failure   Level
 Beastly Appendage        Tmut           6%         N/A       16%         1
 Wereblood                Tmut           3%         N/A       22%         2
 Inner Flame              Hex/Fire       9%         N/A       22%         3
 Ignite Poison            Fire/Tmut/Pois 7%         N/A       26%         3
 Spider Form              Tmut/Pois      3%         N/A       41%         3
 Flame Wave               Conj/Fire      12%        2d6       47%         4
 Sticky Flame             Conj/Fire      12%        2d4       47%         4


Dungeon Overview and Level Annotations

Branches:
Dungeon (5/15)
 Temple: D:4-7

Altars:
Uskayaw

Shops:
D:1 ?


Innate Abilities, Weirdness & Mutations

You regenerate a little health from kills.
Your touch may inflict minor irresistible damage on your foes.


Message History

Confirm with . or Enter, or press ? or * to list all spells.
You conjure some foxfire!
The foxfire hits the ogre.
The ogre is lightly wounded.
Your magical contamination has completely faded away.
Casting: Foxfire (safe; 5% risk of failure)
Confirm with . or Enter, or press ? or * to list all spells.
You conjure some foxfire!
The foxfire hits the ogre but does no damage.
The ogre is lightly wounded.
The foxfire hits the ogre.
The ogre is lightly wounded.
The foxfire hits the ogre.
The ogre is moderately wounded.
Your foxfire dissipates!
Casting: Foxfire (safe; 5% risk of failure)
Confirm with . or Enter, or press ? or * to list all spells.
You conjure some foxfire!
The foxfire hits the ogre.
The ogre is heavily wounded.
The foxfire hits the ogre.
The ogre is heavily wounded.
Casting: Foxfire (safe; 5% risk of failure)
Confirm with . or Enter, or press ? or * to list all spells.
You miscast Foxfire.
You are very lightly contaminated with residual magic.
Nothing appears to happen.
The foxfire hits the ogre.
The ogre is severely wounded.
The foxfire hits the ogre but does no damage.
The ogre is severely wounded.
Casting: Foxfire (safe; 5% risk of failure)
Confirm with . or Enter, or press ? or * to list all spells.
You conjure some foxfire!
The foxfire hits the ogre.
The ogre is severely wounded.
The foxfire hits the ogre.
The ogre is almost dead.
You hit the ogre but do no damage.
The ogre is severely wounded.
The ogre hits you with a +0 giant spiked club!!
Ouch! That really hurt!
You die...

#......# ###.####
######.####......#
#......#.##.# #...........#
###############.#..##'##..#
#..................#...#..#
.##########........##._.##.#
...................#.....#.#
.............###@..#.###.#.#
.#########...##.O#.###.###.#
#...##..#.##(..##.#
##...##..#.#(#.#.#.#
...........#((#..#.#
.....#.....#(#(#.#.#
##.###...#.##(..## #.#
#...#..#####. #.#
#...#........


You could see an ogre and 3 dancing weapons.

Vanquished Creatures
  A hound (D:5)
  2 adders (D:2)
  2 orcs
  4 endoplasms
  2 giant cockroaches (D:1)
  4 goblins
  3 hobgoblins
  A kobold (D:2)
  2 quokkas (D:2)
  3 ball pythons
  7 bats
  A frilled lizard (D:1)
  4 rats
36 creatures vanquished.

Vanquished Creatures (collateral kills)
  A foxfire (D:1)
1 creature vanquished.

Vanquished Creatures (others)
  121 foxfires
121 creatures vanquished.

Grand Total: 158 creatures vanquished

Notes
Turn   | Place    | Note
-------+----------+-------------------------------------------
     0 | D:1      | funkygono the Demonspawn Fire Elementalist began the quest
                  | for the Orb.
     0 | D:1      | Reached XP level 1. HP: 13/13 MP: 3/3
   312 | D:1      | Gained mutation: Your touch may inflict minor irresistible
                  | damage on your foes. [demonic ancestry]
   312 | D:1      | Reached XP level 2. HP: 19/19 MP: 3/5
   390 | D:1      | Learned a level 2 spell: Scorch
   826 | D:1      | Found Usaol's Magic Scroll Boutique.
   883 | D:1      | Found a faded altar of an unknown god.
  1137 | D:2      | Reached XP level 3. HP: 24/24 MP: 3/6
  1229 | D:2      | Learned a level 3 spell: Conjure Flame
  1787 | D:3      | You fall into a shaft and drop 2 floors!
  1787 | D:5      | Entered Level 5 of the Dungeon
  1817 | D:5      | Gained mutation: You regenerate a little health from kills.
                  | [demonic ancestry]
  1817 | D:5      | Reached XP level 4. HP: 18/30 MP: 0/8
  1958 | D:5      | Noticed a +0 dagger
  1991 | D:5      | Noticed a +0 spear
  1996 | D:5      | Found a hide-covered altar of Uskayaw.
  1996 | D:5      | Noticed a +0 short sword
  1997 | D:5      | Noticed a +0 dagger
  1997 | D:5      | Noticed a +0 falchion
  1998 | D:5      | Noticed a +0 spear
  2004 | D:5      | Noticed a +0 short sword
  2005 | D:5      | Noticed a +0 falchion
  2012 | D:5      | Noticed an ogre
  2028 | D:5      | Slain by an ogre

Illustrated notes

Levels and vault maps discovered:
D:1:      minmay_arrival_arboretum_large, layout_basic, serial_shops, shop,
          shapermc_ecumenical_altar_hornbeckon, serial_bayou_ford_a,
          minmay_misc_feat_enclosed
D:2:      layout_rooms
D:3:      layout_basic, hangedman_ru_absence, dreamdust_princess_bridge,
          st_stairs_12
D:5:      layout_basic, nicolae_uskayaw_en_pointe

Skill      XL: |  1  2  3 |
---------------+----------+-----
Fire Magic     | 3 |  3.6
Dodging        | 2 |  2.0
Spellcasting   | 3 |  3.1
Stealth        | |  1.7
Conjurations   | |  1.4

Action                   |  1- 3 |  4- 6 || total
-------------------------+-------+-------++-------
Melee: Dagger            |     3 |     1 ||     4
       Touch             |     2 |       ||     2
 Cast: Foxfire           |    63 |     7 ||    70
       Scorch            |     4 |       ||     4
  Use: Scroll            |     1 |       ||     1
Armor: Robe              |     7 |       ||     7
Dodge: Dodged            |    16 |       ||    16
